 Dungeon Crawl Stone Soup version 0.26.0-10-g1f06aea511 (webtiles) character file.

Game seed: 11843829037223656265

2172 Dracia the Ducker (level 9, -7/69 HPs)
             Began as a Gnoll Gladiator on Jan 15, 2021.
             Was a Believer of Okawaru.
             Mangled by an orc warrior
             ... wielding a +0 halberd
              (21 damage)
             ... on level 8 of the Dungeon.
             The game lasted 00:11:10 (6901 turns).

Dracia the Ducker (Gnoll Gladiator)                 Turns: 6901, Time: 00:11:10

Health: -7/69      AC:  9    Str: 17    XL:     9   Next: 32%
Magic:  15/15      EV: 17    Int: 14    God:    Okawaru [**....]
Gold:   324        SH:  0    Dex: 16    Spells: 11/16 levels left

rFire    . . .     SeeInvis .   a - +0 quarterstaff
rCold    . . .     Faith    .   (shield currently unavailable)
rNeg     . . .     Spirit   .   g - +1 leather armour {rPois}
rPois    +         Reflect  .   c - +0 helmet
rElec    .         Harm     .   e - +1 cloak
rCorr    .         Rampage  .   t - +0 pair of gloves
Will     .....                  (no boots)
Stlth    ++........             (no amulet)
HPRegen  0.21/turn              (no ring)
MPRegen  0.14/turn              (no ring)

@: brilliant, berserk cooldown, very slightly contaminated, slowed, invisible,
very slow
A: distributed training, fangs 1, strong nose
a: Renounce Religion, Heroism


You were on level 8 of the Dungeon.
You worshipped Okawaru.
Okawaru was pleased with you.
You visited 2 branches of the dungeon, and saw 9 of its levels.
You also visited: Sewer.

You collected 324 gold pieces.


Innate Abilities, Weirdness & Mutations

Your experience applies equally to all skills.
You have very sharp teeth.
Your uncanny sense of smell can sniff out nearby items.


   Skills:
 + Level 6.2 Fighting
 + Level 4.1 Short Blades
 + Level 4.1 Long Blades
 + Level 4.1 Axes
 + Level 4.1 Maces & Flails
 + Level 4.1 Polearms
 + Level 7.8 Staves
 + Level 4.1 Slings
 + Level 4.1 Bows
 + Level 4.1 Crossbows
 + Level 6.2 Throwing
 + Level 4.1 Armour
 + Level 7.8 Dodging
 + Level 4.1 Stealth
 + Level 4.1 Shields
 + Level 4.1 Unarmed Combat
 + Level 4.1 Spellcasting
 + Level 3.4 Conjurations
 + Level 3.4 Hexes
 + Level 3.4 Summonings
 + Level 3.4 Necromancy
 + Level 3.4 Translocations
 + Level 3.4 Transmutations
 + Level 3.4 Fire Magic
 + Level 3.4 Ice Magic
 + Level 3.4 Air Magic
 + Level 3.4 Earth Magic
 + Level 3.4 Poison Magic
 + Level 4.5 Invocations
 + Level 4.1 Evocations


You had 11 spell levels left.
You knew the following spells:

 Your Spells              Type           Power        Failure   Level
o - Confusing Touch       Hex            18%          17%         3
X - Wereblood             Tmut           18%          9%          2

Your spell library contained the following spells:

 Spells                   Type           Power        Failure   Level
 Beastly Appendage        Tmut           36%          5%          1
 Gell's Gravitas          Tloc           9%           17%         3
 Spider Form              Tmut/Pois      9%           17%         3
 Ice Form                 Ice/Tmut       18%          50%         4
 Petrify                  Tmut/Erth      18%          50%         4
 Blade Hands              Tmut           9%           83%         5
 Metabolic Englaciation   Hex/Ice        9%           83%         5
 Yara's Violent Unravell  Hex/Tmut       9%           83%         5

Inventory:

Hand Weapons
 a - a +0 quarterstaff (weapon)
 h - a +0 arbalest
Missiles
 d - 3 throwing nets (quivered) {=f=f}
 i - 3 silver javelins
 j - 64 poisoned darts
Armour
 b - a +0 leather armour
 c - a +0 helmet (worn)
 e - a +1 cloak (worn)
 g - a +1 leather armour of poison resistance (worn)
 t - a +0 pair of gloves (worn)
Wands
 f - a wand of iceblast (17)
 p - a wand of flame (21)
 v - a wand of random effects (15)
Scrolls
 k - 2 scrolls of amnesia
 l - 6 scrolls of remove curse {@r2@r2}
 m - 10 scrolls of identify {@r1@r1}
 o - 6 scrolls of teleportation {@r4@r4}
Potions
 n - a potion of invisibility
 q - 2 potions of flight
 r - a potion of curing {@q1@q1}

Dungeon Overview and Level Annotations

Branches:
Dungeon (8/15)             Temple (1/1) D:5           Sewer (visited)
   Lair: D:8-11

Altars:
Ashenzari
Elyvilon
Kikubaaqudgha
Makhleb
Okawaru
Trog
Vehumet
Wu Jian
Zin
The Shining One

Shops:
D:7

} #.#.#####.#.#
##.#.........#
##..#######.###
#...........#
#..########
#..# #..#
#.########..#
#....oo@).o.#
###########.#
#..J #..## ..#
... ..## ∆


You could see an orc warrior, an orc wizard (fast) and an orc.


Message History

You closely miss the orc warrior.
The orc warrior is severely wounded.
The orc warrior misses you.
Unknown command.
You hit the orc warrior but do no damage.
The orc warrior is severely wounded.
The orc warrior hits you with a +0 halberd!
* * * LOW HITPOINT WARNING * * *
Unknown command.
You feel better.
The orc wizard mumbles some strange words.
The orc wizard blinks!
The orc warrior completely misses you.
You fade into invisibility!
The orc wizard closely misses you. The orc warrior closely misses you.
The orc wizard closely misses you. The orc warrior misses you.
You are very lightly contaminated with residual magic.
You hit the orc warrior.
The orc warrior is almost dead.
The orc wizard misses you.
The orc wizard hits you but does no damage.
The orc warrior hits you with a +0 halberd!
* * * LOW HITPOINT WARNING * * *
Unknown command.
You hit the orc wizard.
The orc wizard is lightly wounded.
You feel better. The orc warrior misses you.
You hit the orc warrior but do no damage.
The orc warrior is almost dead.
The orc warrior hits you with a +0 halberd!!
You die...

Skill      XL: |  1  2  3  4  5  6  7  8  9 |
---------------+----------------------------+-----
Invocations    | 1 2 3 4 |  4.5
Short Blades   | 1 2 3 4 |  4.1
Long Blades    | 1 2 3 4 |  4.1
Axes           | 1 2 3 4 |  4.1
Maces & Flails | 1 2 3 4 |  4.1
Polearms       | 1 2 3 4 |  4.1
Slings         | 1 2 3 4 |  4.1
Bows           | 1 2 3 4 |  4.1
Crossbows      | 1 2 3 4 |  4.1
Armour         | 1 2 3 4 |  4.1
Stealth        | 1 2 3 4 |  4.1
Shields        | 1 2 3 4 |  4.1
Unarmed Combat | 1 2 3 4 |  4.1
Spellcasting   | 1 2 3 4 |  4.1
Evocations     | 1 2 3 4 |  4.1
Conjurations   | 1 2 3 |  3.4
Hexes          | 1 2 3 |  3.4
Summonings     | 1 2 3 |  3.4
Necromancy     | 1 2 3 |  3.4
Translocations | 1 2 3 |  3.4
Transmutations | 1 2 3 |  3.4
Fire Magic     | 1 2 3 |  3.4
Ice Magic      | 1 2 3 |  3.4
Air Magic      | 1 2 3 |  3.4
Earth Magic    | 1 2 3 |  3.4
Poison Magic   | 1 2 3 |  3.4
Fighting       | 5 6 |  6.2
Throwing       | 5 6 |  6.2
Staves         | 7 |  7.8
Dodging        | 7 |  7.8

Action                   |  1- 3 |  4- 6 |  7- 9 || total
-------------------------+-------+-------+-------++-------
Melee: Quarterstaff      |    91 |   146 |   332 ||   569
       Bite              |     6 |     8 |    40 ||    54
 Cast: Wereblood         |       |       |     1 ||     1
Evoke: Wand              |       |       |     1 ||     1
  Use: Potion            |       |     8 |     5 ||    13
       Scroll            |       |     7 |     4 ||    11
 Stab: Sleeping          |       |     1 |     5 ||     6
       Distracted        |       |     2 |     1 ||     3
Armor: Leather armour    |    18 |    40 |    66 ||   124
Dodge: Dodged            |    62 |   104 |   283 ||   449

Levels and vault maps discovered:
D:1:      heliophobic_arrival_glass_houses, layout_basic,
          hangedman_decor_diamond_cutter, grunt_decor_resistance
D:2:      layout_rooms, minmay_misc_feat_chi
D:3:      layout_rooms
D:4:      layout_loops_ring
D:5:      layout_basic, minmay_temple_entry_overgrown, portal_sewer_entry_d
D:6:      layout_basic, chequers_temple_overflow_minitemple,
          minmay_fractal_squares_diagonal_5
D:7:      layout_basic, nicolae_overflow_hidden_temple, serial_shops,
          shop_fountains, uniq_menkaure
D:8:      layout_loops_ring
Temple:   regret_index_temple_sphere_string

Notes
Turn   | Place    | Note
-------+----------+-------------------------------------------
     0 | D:1      | Dracia the Gnoll Gladiator began the quest for the Orb.
     0 | D:1      | Reached XP level 1. HP: 20/20 MP: 1/1
    96 | D:1      | Reached XP level 2. HP: 20/26 MP: 2/2
  1029 | D:2      | Reached XP level 3. HP: 31/31 MP: 2/4
  1118 | D:2      | Reached skill level 1 in Invocations
  1147 | D:2      | Reached skill level 1 in Short Blades
  1147 | D:2      | Reached skill level 1 in Long Blades
  1147 | D:2      | Reached skill level 1 in Axes
  1147 | D:2      | Reached skill level 1 in Maces & Flails
  1147 | D:2      | Reached skill level 1 in Polearms
  1147 | D:2      | Reached skill level 1 in Slings
  1147 | D:2      | Reached skill level 1 in Bows
  1147 | D:2      | Reached skill level 1 in Crossbows
  1147 | D:2      | Reached skill level 1 in Armour
  1147 | D:2      | Reached skill level 1 in Stealth
  1147 | D:2      | Reached skill level 1 in Shields
  1147 | D:2      | Reached skill level 1 in Unarmed Combat
  1147 | D:2      | Reached skill level 1 in Spellcasting
  1147 | D:2      | Reached skill level 1 in Evocations
  1193 | D:2      | Reached XP level 4. HP: 34/38 MP: 5/5
  1715 | D:3      | Reached skill level 1 in Conjurations
  1715 | D:3      | Reached skill level 1 in Hexes
  1715 | D:3      | Reached skill level 1 in Summonings
  1715 | D:3      | Reached skill level 1 in Necromancy
  1715 | D:3      | Reached skill level 1 in Translocations
  1715 | D:3      | Reached skill level 1 in Transmutations
  1715 | D:3      | Reached skill level 1 in Fire Magic
  1715 | D:3      | Reached skill level 1 in Ice Magic
  1715 | D:3      | Reached skill level 1 in Air Magic
  1715 | D:3      | Reached skill level 1 in Earth Magic
  1715 | D:3      | Reached skill level 1 in Poison Magic
  1915 | D:3      | Reached XP level 5. HP: 22/43 MP: 5/7
  2416 | D:4      | HP: 2/43 [orc wizard/+0 dagger (3)]
  2438 | D:4      | HP: 4/43 [poisoned by a worker ant]
  2446 | D:3      | HP: 3/43 [poisoned by a worker ant]
  2999 | D:4      | You fall into a shaft and drop 1 floor!
  2999 | D:5      | Entered Level 5 of the Dungeon
  3101 | D:5      | Reached skill level 2 in Invocations
  3101 | D:5      | Reached XP level 6. HP: 50/50 MP: 8/8
  3101 | D:5      | Found a staircase to the Ecumenical Temple.
  3112 | D:5      | Reached skill level 5 in Fighting
  3112 | D:5      | Reached skill level 5 in Throwing
  3186 | D:5      | Reached skill level 2 in Short Blades
  3186 | D:5      | Reached skill level 2 in Long Blades
  3186 | D:5      | Reached skill level 2 in Axes
  3186 | D:5      | Reached skill level 2 in Maces & Flails
  3186 | D:5      | Reached skill level 2 in Polearms
  3186 | D:5      | Reached skill level 2 in Slings
  3186 | D:5      | Reached skill level 2 in Bows
  3186 | D:5      | Reached skill level 2 in Crossbows
  3186 | D:5      | Reached skill level 2 in Armour
  3186 | D:5      | Reached skill level 2 in Stealth
  3186 | D:5      | Reached skill level 2 in Shields
  3186 | D:5      | Reached skill level 2 in Unarmed Combat
  3186 | D:5      | Reached skill level 2 in Spellcasting
  3186 | D:5      | Reached skill level 2 in Evocations
  3278 | D:5      | Noticed an ice beast
  3301 | D:5      | Killed an ice beast
  3302 | D:5      | Reached XP level 7. HP: 18/56 MP: 10/10
  3391 | D:5      | Reached skill level 7 in Staves
  3391 | D:5      | Reached skill level 7 in Dodging
  3414 | D:5      | Found a glowing drain.
  3423 | Sewer    | Entered a sewer
  3746 | Sewer    | Reached skill level 2 in Conjurations
  3746 | Sewer    | Reached skill level 2 in Hexes
  3746 | Sewer    | Reached skill level 2 in Summonings
  3746 | Sewer    | Reached skill level 2 in Necromancy
  3746 | Sewer    | Reached skill level 2 in Translocations
  3746 | Sewer    | Reached skill level 2 in Transmutations
  3746 | Sewer    | Reached skill level 2 in Fire Magic
  3746 | Sewer    | Reached skill level 2 in Ice Magic
  3746 | Sewer    | Reached skill level 2 in Air Magic
  3746 | Sewer    | Reached skill level 2 in Earth Magic
  3746 | Sewer    | Reached skill level 2 in Poison Magic
  4217 | Temple   | Entered the Ecumenical Temple
  4284 | Temple   | Became a worshipper of Warmaster Okawaru
  4719 | D:6      | Learned a level 3 spell: Confusing Touch
  4839 | D:6      | Reached skill level 3 in Invocations
  4890 | D:6      | Reached XP level 8. HP: 63/63 MP: 12/12
  4946 | D:6      | Reached skill level 3 in Short Blades
  4946 | D:6      | Reached skill level 3 in Long Blades
  4946 | D:6      | Reached skill level 3 in Axes
  4946 | D:6      | Reached skill level 3 in Maces & Flails
  4946 | D:6      | Reached skill level 3 in Polearms
  4946 | D:6      | Reached skill level 3 in Slings
  4946 | D:6      | Reached skill level 3 in Bows
  4946 | D:6      | Reached skill level 3 in Crossbows
  4946 | D:6      | Reached skill level 3 in Armour
  4946 | D:6      | Reached skill level 3 in Stealth
  4946 | D:6      | Reached skill level 3 in Shields
  4946 | D:6      | Reached skill level 3 in Unarmed Combat
  4946 | D:6      | Reached skill level 3 in Spellcasting
  4946 | D:6      | Reached skill level 3 in Evocations
  5260 | D:6      | Found an ornate altar of the Wu Jian Council.
  5260 | D:6      | Found a glowing golden altar of the Shining One.
  5265 | D:6      | Found a white marble altar of Elyvilon.
  5267 | D:6      | Found a glowing silver altar of Zin.
  5269 | D:6      | Found a bloodstained altar of Trog.
  5344 | D:6      | Reached * piety under Okawaru
  5942 | D:7      | Found a burning altar of Makhleb.
  5981 | D:7      | Found Rifola's Gadget Emporium.
  6005 | D:7      | Noticed Menkaure
  6014 | D:7      | Killed Menkaure
  6289 | D:8      | Reached skill level 4 in Invocations
  6298 | D:8      | Reached skill level 3 in Conjurations
  6298 | D:8      | Reached skill level 3 in Hexes
  6298 | D:8      | Reached skill level 3 in Summonings
  6298 | D:8      | Reached skill level 3 in Necromancy
  6298 | D:8      | Reached skill level 3 in Translocations
  6298 | D:8      | Reached skill level 3 in Transmutations
  6298 | D:8      | Reached skill level 3 in Fire Magic
  6298 | D:8      | Reached skill level 3 in Ice Magic
  6298 | D:8      | Reached skill level 3 in Air Magic
  6298 | D:8      | Reached skill level 3 in Earth Magic
  6298 | D:8      | Reached skill level 3 in Poison Magic
  6358 | D:8      | Learned a level 2 spell: Wereblood
  6440 | D:8      | Reached skill level 6 in Fighting
  6440 | D:8      | Reached skill level 6 in Throwing
  6440 | D:8      | Reached XP level 9. HP: 55/69 MP: 14/14
  6611 | D:8      | Reached skill level 4 in Short Blades
  6611 | D:8      | Reached skill level 4 in Long Blades
  6611 | D:8      | Reached skill level 4 in Axes
  6611 | D:8      | Reached skill level 4 in Maces & Flails
  6611 | D:8      | Reached skill level 4 in Polearms
  6611 | D:8      | Reached skill level 4 in Slings
  6611 | D:8      | Reached skill level 4 in Bows
  6611 | D:8      | Reached skill level 4 in Crossbows
  6611 | D:8      | Reached skill level 4 in Armour
  6611 | D:8      | Reached skill level 4 in Stealth
  6611 | D:8      | Reached skill level 4 in Shields
  6611 | D:8      | Reached skill level 4 in Unarmed Combat
  6611 | D:8      | Reached skill level 4 in Spellcasting
  6611 | D:8      | Reached skill level 4 in Evocations
  6633 | D:8      | Reached ** piety under Okawaru
  6898 | D:8      | HP: 2/69 [orc warrior/+0 halberd (14)]
  6901 | D:8      | Mangled by an orc warrior

Vanquished Creatures
  Menkaure (D:7)
  An ice beast (D:5)
  2 black bears (D:8)
  An orc warrior (D:8)
  3 ogres
  A wyvern zombie (D:6)
  4 bullfrogs
  2 scorpions
  6 wights (D:8)
  A howler monkey (D:6)
  2 jellies
  An orc priest (D:4)
  5 orc wizards
  A bullfrog skeleton (D:7)
  2 iguanas
  7 worker ants
  A hound zombie (D:7)
  A hound skeleton (D:7)
  8 adders
  A shadow imp (D:6)
  3 white imps (D:5)
  An ooze (D:5)
  A worm (D:2)
  A dart slug (D:1)
  4 leopard geckos
  13 orcs
  4 ball pythons (Sewer)
  3 bats
  15 giant cockroaches
  5 goblins
  7 hobgoblins
  5 jackals (D:1)
  6 kobolds
  3 quokkas
  12 frilled lizards
  A quokka skeleton (D:6)
  A quokka zombie (D:6)
  8 rats
144 creatures vanquished.

Table legend: (Time is in decaauts)
 A = Elapsed time spent in this place.
 B = Non-inter-level travel time spent in this place.
 C = Inter-level travel time spent in this place.
 D = Time resting spent in this place.
 E = Time spent auto-exploring this place.
 F = Levels seen in this place.
 G = Mean time per level.
                   A        B        C        D        E       F      G
               +--------+--------+--------+--------+--------+-----+--------+
         Total |   6971 |   6798 |    173 |    762 |   4688 |  10 |  697.1 |
       Dungeon |   6199 |   6043 |    156 |    762 |   4073 |   8 |  774.9 |
        Temple |     80 |     64 |     16 |      0 |     62 |   1 |   80.0 |
         Sewer |    691 |    691 |      0 |      0 |    553 |   1 |  691.0 |
               +--------+--------+--------+--------+--------+-----+--------+

Top non-repeatable levels by time:
     D:3: 1087 daAuts
     D:1: 980 daAuts
     D:5: 956 daAuts
     D:7: 899 daAuts
     D:6: 726 daAuts
     D:2: 715 daAuts
   Sewer: 691 daAuts
     D:8: 622 daAuts
     D:4: 210 daAuts
  Temple: 80 daAuts

Table legend:
 A = Non-vault XP
 B = Vault XP
 C = Vault XP percentage of total XP
 D = Non-vault monster count
 E = Vault monster count
 F = Vault count percentage of total count
                 A         B        C        D         E       F
            +---------+---------+-------+---------+---------+-------
      Total |    2569 |     535 |  17.2 |     119 |      25 |  17.4
            +---------+---------+-------+---------+---------+-------
        D:1 |      29 |       0 |   0.0 |      15 |       0 |   0.0
        D:2 |      92 |       0 |   0.0 |      26 |       0 |   0.0
        D:3 |      70 |       0 |   0.0 |      16 |       0 |   0.0
        D:4 |     122 |       0 |   0.0 |       7 |       0 |   0.0
        D:5 |     478 |      14 |   2.8 |      15 |       1 |   6.2
        D:6 |     411 |     229 |  35.8 |      10 |       5 |  33.3
        D:7 |     278 |     175 |  38.6 |       7 |       1 |  12.5
        D:8 |    1089 |       0 |   0.0 |      23 |       0 |   0.0
      Sewer |       0 |     117 | 100.0 |       0 |      18 | 100.0
            +---------+---------+-------+---------+---------+-------
